 Dungeon Crawl Stone Soup version 0.30-a0-916-g98134172ad (webtiles) character file.

Game seed: 1785047166975263273

436 112233 the Magician (level 7, -1/41 HPs)
             Began as an Octopode Air Elementalist on Mar 20, 2023.
             Was an Initiate of Gozag.
             Splashed by a jelly's acid (6 damage)
             ... on level 5 of the Dungeon.
             The game lasted 00:03:03 (5002 turns).

112233 the Magician (Octopode Air Elementalist)     Turns: 5002, Time: 00:03:04

Health: -1/41      AC: -3    Str:  7    XL:     7   Next: 1%
Magic:  5/16       EV: 13    Int: 19    God:    Gozag
Gold:   275        SH:  0    Dex: 13    Spells: 13/19 levels left

rFire   . . .      SeeInvis .    k - +0 great sword
rCold   + . .      Faith    .    (shield currently unavailable)
rNeg    . . .      Spirit   .    (helmet restricted)
rPois   .          Reflect  .    m - amulet of the acrobat
rElec   .          Rampage  .    o - ring of protection from cold
rCorr   .                        (no ring)
Will    .....                    (no ring)
Stlth   +++                      (no ring)
HPRegen 0.26/turn                (no ring)
MPRegen 0.15/turn                (no ring)
                                 (no ring)
                                 (no ring)

@: corroded, gold aura, hasted, very quick
A: almost no armour, amphibious, 8 rings, camouflage 1, gelatinous body 1,
(nimble swimmer 1), tentacles
a: Renounce Religion, Potion Petition, Call Merchant, Bribe Branch


You were on level 5 of the Dungeon.
You worshipped Gozag.
Gozag was aware of your devotion.
You visited 1 branch of the dungeon, and saw 5 of its levels.
You also visited: Sewer.

You collected 434 gold pieces.
You spent 105 gold pieces at shops.
You paid 54 gold pieces to Gozag.

Inventory:

Hand Weapons
 k - a +0 great sword (weapon)
Jewellery
 m - an amulet of the acrobat (around mantle)
 o - a ring of protection from cold (left tentacle)
Scrolls
 b - 5 scrolls of identify {unknown}
 c - 5 scrolls of teleportation {unknown}
 e - a scroll of summoning {unknown}
 j - a scroll of noise {unknown}
 n - a scroll of silence {unknown}
 q - a scroll of blinking {unknown}
 s - a scroll of poison {unknown}
Potions
 a - 2 potions of magic
 f - a potion of heal wounds {unknown}
 g - a potion of flight
 h - 4 potions of curing {unknown}
 i - a potion of lignification {unknown}
 l - a potion of berserk rage
 p - a potion of mutation {unknown}
 r - a potion of brilliance {unknown}


   Skills:
 - Level 2.0 Dodging
 - Level 2.8 Stealth
 + Level 6.6 Spellcasting
 - Level 1.1 Conjurations
 - Level 3.0 Air Magic


You had 13 spell levels left.
You knew the following spells:

 Your Spells              Type           Power      Damage    Failure   Level
a - Shock                 Conj/Air       56%        1d6       4%          1
b - Static Discharge      Conj/Air       28%        2-4/arc   7%          2
c - Swiftness             Air            17%        N/A       9%          3

Your spell library contained the following spells:

 Spells                   Type           Power      Damage    Failure   Level
 Apportation              Tloc           12%        N/A       11%         1
 Summon Small Mammal      Summ           24%        N/A       11%         1
 Lesser Beckoning         Tloc           12%        N/A       16%         2
 Kindle Blastsparks       Fire/Tloc/Air  20%        2d11      21%         3
 Airstrike                Air            8%         2d(2-18)  30%         4
 Call Canine Familiar     Summ           6%         N/A       32%         3
 Ignite Poison            Fire/Tmut/Pois 6%         N/A       32%         3
 Inner Flame              Hex/Fire       6%         N/A       32%         3
 Summon Guardian Golem    Hex/Summ       6%         N/A       32%         3
 Cause Fear               Hex            3%         N/A       71%         4
 Freezing Cloud           Conj/Ice/Air   5%         6-21      86%         5
 Statue Form              Tmut/Erth      4%         N/A       100%        6
 Discord                  Hex            3%         N/A       100%        8
 Necromutation            Tmut/Necr      3%         N/A       100%        8


Dungeon Overview and Level Annotations

Branches:
Dungeon (5/15)              Sewer (visited)
 Temple: D:4-7

Altars:
Cheibriados
Elyvilon
Gozag
Ru
Wu Jian

Shops:
D:3 *


Innate Abilities, Weirdness & Mutations

You cannot wear most types of armour.
You are amphibious.
You can wear up to eight rings at the same time.
Your skin changes colour to match your surroundings (Stealth+).
Your rubbery body absorbs attacks. (AC +1, EV +1)
((You are camouflaged when in or above water. (Stealth+)))
You have tentacles for arms and can constrict up to eight enemies at once.


Message History

Casting: Static Discharge (safe; 7% risk of failure)
Confirm with . or Enter, or press ? or * to list all spells.
Aiming: Shock (safe; 4% risk of failure)
Press: ? - help, Shift-Dir - straight line, f - jelly
Aim: a jelly (moderately wounded, 100% to hit)
The zap hits the jelly.
The jelly is severely wounded.
The jelly is distracted by your dazzling golden aura.
Unknown command.
Casting: Shock (safe; 4% risk of failure)
Confirm with . or Enter, or press ? or * to list all spells.
The jelly is struck by an arc of lightning.
The jelly is no longer distracted by gold.
The jelly quivers.
The jelly is severely wounded.
You are struck by an arc of lightning.
The jelly is struck by an arc of lightning.
The jelly is almost dead.
You are struck by an arc of lightning.
The lightning grounds out.
The jelly hits you.
You are splashed with acid!
The scorpion closely misses you. The jelly hits you. The acid corrodes you!
You are splashed with acid!
* * * LOW HITPOINT WARNING * * *
Unknown command.
Unknown command.
Okay, then.
Okay, then.
You need at least 400 gold to purchase potions right now!
Unknown command.
You aren't carrying any items that you can evoke.
Unknown command.
You aren't carrying any items that you can evoke.
Unknown command.
You feel yourself speed up. The scorpion stings you.
* * * LOW HITPOINT WARNING * * *
The jelly hits you.
* * * LOW HITPOINT WARNING * * *
You are splashed with acid.
You die...
Your body crumbles into a pile of gold.

..# ..
##..##..
#..... #...#
#######...##
#......<...#
#......#...#
#......#####
#...@......#
#...Js.....#
#......$...#
#...!......#
#..........#
#..........#
#..........#
#...........


You could see a scorpion and a jelly.

Vanquished Creatures
  A water moccasin (Sewer)
  A scorpion (D:4)
  2 hounds
  2 orc wizards (D:4)
  A river rat (D:3)
  5 adders
  An ufetubus (D:4)
  A worm (D:3)
  2 dart slugs
  5 orcs (D:4)
  8 bats
  6 endoplasms
  6 giant cockroaches
  9 goblins
  10 hobgoblins
  9 kobolds
  3 quokkas
  12 ball pythons
  3 frilled lizards
  9 rats
96 creatures vanquished.

Notes
Turn   | Place    | Note
-------+----------+-------------------------------------------
     0 | D:1      | 112233 the Octopode Air Elementalist began the quest for
                  | the Orb.
     0 | D:1      | Reached XP level 1. HP: 11/11 MP: 3/3
   212 | D:1      | Reached XP level 2. HP: 17/17 MP: 3/5
   653 | D:1      | Reached skill level 3 in Spellcasting
   653 | D:1      | Reached XP level 3. HP: 20/21 MP: 0/7
  1188 | D:2      | Learned a level 2 spell: Static Discharge
  1527 | D:2      | Reached XP level 4. HP: 27/27 MP: 7/9
  2046 | D:2      | Learned a level 3 spell: Swiftness
  2068 | D:3      | Reached skill level 4 in Spellcasting
  2299 | D:3      | Found a white marble altar of Elyvilon.
  2688 | D:3      | Found a glowing drain.
  2745 | Sewer    | Entered a sewer
  2797 | Sewer    | Noticed a water moccasin
  2805 | Sewer    | Killed a water moccasin
  2806 | Sewer    | Reached skill level 5 in Spellcasting
  2806 | Sewer    | Reached XP level 5. HP: 14/31 MP: 5/12
  3146 | D:3      | Found an opulent altar of Gozag.
  3168 | D:3      | Reached XP level 6. HP: 36/36 MP: 12/14
  3182 | D:3      | Became a worshipper of Gozag Ym Sagoz the Greedy
  3461 | D:3      | Found Aliri's Assorted Antiques.
  3476 | D:3      | Bought a cabochon ring for 105 gold pieces
  4024 | D:4      | Reached skill level 6 in Spellcasting
  4565 | D:4      | Got Jowkomp's Anthology of the Geodesic and Forms
  4831 | D:4      | Found a snail-covered altar of Cheibriados.
  4831 | D:4      | Found an ornate altar of the Wu Jian Council.
  4845 | D:4      | Found a sacrificial altar of Ru.
  4987 | D:5      | Entered Level 5 of the Dungeon
  4999 | D:5      | Reached XP level 7. HP: 34/41 MP: 8/16
  5002 | D:5      | Splashed by a jelly's acid

Illustrated notes

Levels and vault maps discovered:
D:1:      beargit_arrival_greenhouse, layout_loops_ring
D:2:      layout_rooms
D:3:      layout_loops_corners, mainiacjoe_overflow_catch_the_wave,
          serial_shops, nicolae_shop_behind_doors, portal_sewer_entry_b,
          minmay_misc_feat_chi
D:4:      nicolae_cairo_tiling_large, layout_loops_ring, old_standard_altar,
          gammafunk_temple_overflow_pools, kennysheep_dice
D:5:      layout_gridville, minmay_misc_feat_enclosed

Skill      XL: |  1  2  3  4  5  6 |
---------------+-------------------+-----
Spellcasting   | 3 5 6 |  6.6
Dodging        | |  2.0
Stealth        | |  2.8
Conjurations   | |  1.1
Air Magic      | |  3.0

Action                     |  1- 3 |  4- 6 |  7- 9 || total
---------------------------+-------+-------+-------++-------
  Melee: Unarmed           |    12 |     7 |       ||    19
         Constrict         |     5 |     3 |       ||     8
         Tentacles         |     3 |     3 |       ||     6
         Great sword       |       |     2 |       ||     2
   Cast: Shock             |    79 |   150 |     1 ||   230
         Static Discharge  |       |    10 |     1 ||    11
    Use: Potion            |       |     2 |     1 ||     3
 Armour: Skin              |       |     2 |       ||     2
  Dodge: Dodged            |    14 |    33 |     1 ||    48

Table legend: (Time is in decaauts)
 A = Elapsed time spent in this place.
 B = Non-inter-level travel time spent in this place.
 C = Inter-level travel time spent in this place.
 D = Time resting spent in this place.
 E = Time spent auto-exploring this place.
 F = Levels seen in this place.
 G = Mean time per level.
                   A        B        C        D        E       F      G
               +--------+--------+--------+--------+--------+-----+--------+
         Total |   4985 |   4864 |    121 |    291 |   4085 |   6 |  830.8 |
       Dungeon |   4607 |   4486 |    121 |     23 |   4007 |   5 |  921.4 |
         Sewer |    378 |    378 |      0 |    268 |     78 |   1 |  378.0 |
               +--------+--------+--------+--------+--------+-----+--------+

Top non-repeatable levels by time:
     D:3: 1380 daAuts
     D:4: 1147 daAuts
     D:1: 1130 daAuts
     D:2: 934 daAuts
   Sewer: 378 daAuts
     D:5: 14 daAuts
